TOP OF THE 1ST |
Saint John's Red Storm batting - Pitching for Providence Friars : LHP Richard Morgan
|
Pitching: LHP Richard Morgan
|
|
Batting: SHB Roderick Thurman
|
0-0: Ball 1-0: Called Strike 1-1: Called Strike 1-2: Strikes out looking
|
Batting: RHB Jeffery Evans
|
0-0: Fly out, F8 (Flyball, 78S)
|
Batting: SHB Michael O'Quigley
|
0-0: Ball 1-0: Swinging Strike 1-1: Ground out 6-3 (Groundball, 6)
|
Top of the 1st over - 0 run(s), 0 hit(s), 0 error(s), 0 left on base; Saint John's 0 - Providence 0 |
BOTTOM OF THE 1ST |
Providence Friars batting - Pitching for Saint John's Red Storm : RHP Rob Larson
|
Pitching: RHP Rob Larson
|
|
Batting: LHB Brian Easdale
|
0-0: Ball 1-0: Ground out 1-3 (Groundball, 15S)
|
Batting: SHB Esteban Aliaga
|
0-0: Fly out, F1 (Line Drive, 13)
|
Batting: RHB Miguel Sánchez
|
0-0: Called Strike 0-1: Ball 1-1: Foul Ball, location: 2F 1-2: Strikes out swinging
|
Bottom of the 1st over - 0 run(s), 0 hit(s), 0 error(s), 0 left on base; Saint John's 0 - Providence 0 |
TOP OF THE 2ND |
Saint John's Red Storm batting - Pitching for Providence Friars : LHP Richard Morgan
|
Batting: SHB Frank Kennedy
|
0-0: Ground out 6-3 (Groundball, 56D)
|
Batting: LHB Robby Lawson
|
0-0: Ball 1-0: Called Strike 1-1: Foul Ball, location: 2F 1-2: SINGLE (Groundball, 56D)
|
Batting: RHB Marv Simon
|
0-0: Swinging Strike 0-1: Swinging Strike 0-2: Foul Ball, location: 2F 0-2: Ball 1-2: Foul Ball, location: 2F 1-2: Ball 2-2: Strikes out swinging
|
Batting: RHB Sherman Cummings
|
0-0: Ball 1-0: Swinging Strike 1-1: Ball 2-1: SINGLE (Line Drive, 34D) Robby Lawson to second
|
Batting: SHB Ray O'Dell
|
0-0: Ball 1-0: Ball 2-0: Called Strike 2-1: Swinging Strike 2-2: Strikes out swinging
|
Top of the 2nd over - 0 run(s), 2 hit(s), 0 error(s), 2 left on base; Saint John's 0 - Providence 0 |
BOTTOM OF THE 2ND |
Providence Friars batting - Pitching for Saint John's Red Storm : RHP Rob Larson
|
Batting: LHB Javier Morales
|
0-0: Ground out 3-1 (Groundball, 34S)
|
Batting: RHB Gustavo Todd
|
0-0: Ground out 6-3 (Groundball, 6)
|
Batting: RHB Roger Tucker
|
0-0: Ground out 4-3 (Groundball, 4)
|
Bottom of the 2nd over - 0 run(s), 0 hit(s), 0 error(s), 0 left on base; Saint John's 0 - Providence 0 |
TOP OF THE 3RD |
Saint John's Red Storm batting - Pitching for Providence Friars : LHP Richard Morgan
|
Batting: SHB Richard Coupland
|
0-0: Foul Ball, location: 2F 0-1: Foul Ball, location: 2F 0-2: Strikes out swinging
|
Batting: SHB Roderick Thurman
|
0-0: Called Strike 0-1: SINGLE (Groundball, 34D)
|
Batting: RHB Jeffery Evans
|
0-0: Called Strike 0-1: Fly out, F7 (Flyball, 78S)
|
Batting: SHB Michael O'Quigley
|
0-0: Ball Roderick Thurman is caught stealing 2nd base
|
Top of the 3rd over - 0 run(s), 1 hit(s), 0 error(s), 0 left on base; Saint John's 0 - Providence 0 |
BOTTOM OF THE 3RD |
Providence Friars batting - Pitching for Saint John's Red Storm : RHP Rob Larson
|
Batting: RHB Gonzalo García
|
0-0: Swinging Strike 0-1: Foul Ball, location: 2F 0-2: SINGLE (Groundball, 6D)
|
Batting: SHB Will Davies
|
0-0: Called Strike 0-1: Ball 1-1: Ball 2-1: Ball 3-1: Foul Ball, location: 2F 3-2: Base on Balls Gonzalo García to second
|
Batting: RHB Daniel Riddle
|
0-0: Ball 1-0: Ball 2-0: Foul Ball, location: 2F 2-1: Ball 3-1: Ground out 5-3 (Groundball, 5S) Gonzalo García to third Will Davies to second
|
Batting: LHB Brian Easdale
|
0-0: SINGLE (Groundball, 4MD) Gonzalo García scores Will Davies to third Runner from 3rd tries for Home, SAFE, no throw
|
Batting: SHB Esteban Aliaga
|
0-0: Foul Ball, location: 2F 0-1: Ball 1-1: Ball 2-1: Swinging Strike 2-2: Foul Ball, location: 2F 2-2: Strikes out looking
|
Batting: RHB Miguel Sánchez
|
0-0: Called Strike Brian Easdale steals 2nd base 0-1: Foul Ball, location: 2F 0-2: SINGLE (Flyball, 9S) Brian Easdale to third Runner from 3rd tries for Home, SAFE, no throw
|
Batting: LHB Javier Morales
|
0-0: Called Strike 0-1: Ground out 1-3 (Groundball, 13)
|
Bottom of the 3rd over - 3 run(s), 3 hit(s), 0 error(s), 1 left on base; Saint John's 0 - Providence 3 |
TOP OF THE 4TH |
Saint John's Red Storm batting - Pitching for Providence Friars : LHP Richard Morgan
|
Batting: SHB Michael O'Quigley
|
0-0: Ball 1-0: Foul Ball, location: 2F 1-1: SINGLE (Flyball, 7LM)
|
Batting: SHB Frank Kennedy
|
0-0: Swinging Strike 0-1: Ground out 5-3 (Groundball, 56S) Michael O'Quigley to second
|
Batting: LHB Robby Lawson
|
0-0: Ball 1-0: Foul Ball, location: 2F 1-1: Ball 2-1: Ground out 6-3 (Groundball, 6)
|
Batting: RHB Marv Simon
|
0-0: Swinging Strike 0-1: Ball 1-1: Foul Ball, location: 2F 1-2: Ball 2-2: Ball 3-2: Base on Balls
|
Batting: RHB Sherman Cummings
|
0-0: Ball 1-0: Ground out 5-3 (Groundball, 56S)
|
Top of the 4th over - 0 run(s), 1 hit(s), 0 error(s), 2 left on base; Saint John's 0 - Providence 3 |
BOTTOM OF THE 4TH |
Providence Friars batting - Pitching for Saint John's Red Storm : RHP Rob Larson
|
Batting: RHB Gustavo Todd
|
0-0: Ball 1-0: Ball 2-0: Ball 3-0: Called Strike 3-1: Ground out U3 (Groundball, 34S)
|
Batting: RHB Roger Tucker
|
0-0: Ground out 1-3 (Groundball, 13)
|
Batting: RHB Gonzalo García
|
0-0: Called Strike 0-1: Ball 1-1: Ball 2-1: Ball 3-1: Base on Balls
|
Batting: SHB Will Davies
|
0-0: Ball 1-0: Ball 2-0: Ball 3-0: Base on Balls Gonzalo García to second
|
Batting: RHB Daniel Riddle
|
0-0: Ball 1-0: Swinging Strike 1-1: Swinging Strike 1-2: Ball 2-2: Ball 3-2: Ground out 6-3 (Groundball, 6)
|
Bottom of the 4th over - 0 run(s), 0 hit(s), 0 error(s), 2 left on base; Saint John's 0 - Providence 3 |
TOP OF THE 5TH |
Saint John's Red Storm batting - Pitching for Providence Friars : LHP Richard Morgan
|
Batting: SHB Ray O'Dell
|
0-0: Ball 1-0: Ball 2-0: Foul Ball, location: 2F 2-1: Foul Ball, location: 2F 2-2: SOLO HOME RUN (Flyball, 7D), Distance : 359 ft
|
Batting: SHB Richard Coupland
|
0-0: Called Strike 0-1: Foul Ball, location: 2F 0-2: Ball 1-2: Foul Ball, location: 2F 1-2: Ball 2-2: Ball 3-2: Base on Balls
|
Batting: SHB Roderick Thurman
|
0-0: Swinging Strike
|
|
|
|
0-1: Ball 1-1: Ball 2-1: Ball 3-1: Base on Balls Richard Coupland to second
|
Batting: RHB Jeffery Evans
|
0-0: Ball 1-0: Ball 2-0: Foul Ball, location: 2F 2-1: Called Strike 2-2: Foul Ball, location: 2F 2-2: Foul Ball, location: 2F 2-2: Ground out 3-1 (Groundball, 34S) Richard Coupland to third Roderick Thurman to second
|
Batting: SHB Michael O'Quigley
|
0-0: Ball 1-0: Ball 2-0: Ball Wild Pitch! Richard Coupland scores Roderick Thurman to third 3-0: Base on Balls
|
Pitching: RHP Jesse Hairston
|
|
Batting: SHB Frank Kennedy
|
0-0: Ball 1-0: Fly out, F9 (Flyball, 9S) Runner from 3rd tags up, OUT at HOME
|
Top of the 5th over - 2 run(s), 1 hit(s), 0 error(s), 1 left on base; Saint John's 2 - Providence 3 |
BOTTOM OF THE 5TH |
Providence Friars batting - Pitching for Saint John's Red Storm : RHP Rob Larson
|
Batting: LHB Brian Easdale
|
0-0: Ball 1-0: Ball 2-0: Ball 3-0: Called Strike 3-1: Ground out 4-3 (Groundball, 4)
|
Batting: SHB Esteban Aliaga
|
0-0: Called Strike 0-1: Ball 1-1: Ball 2-1: Called Strike 2-2: Ball 3-2: Base on Balls
|
Batting: RHB Miguel Sánchez
|
0-0: Called Strike 0-1: Ball Wild Pitch! Esteban Aliaga to second 1-1: Intentional Walk
|
Batting: LHB Javier Morales
|
0-0: Fielders Choice at 2nd, 1-6 (Groundball, 13) Esteban Aliaga to third
|
Batting: RHB Gustavo Todd
|
0-0: Foul Ball, location: 2F 0-1: Called Strike 0-2: Ball 1-2: Ground out 5-3 (Groundball, 56S)
|
Bottom of the 5th over - 0 run(s), 0 hit(s), 0 error(s), 2 left on base; Saint John's 2 - Providence 3 |
TOP OF THE 6TH |
Saint John's Red Storm batting - Pitching for Providence Friars : RHP Jesse Hairston
|
Batting: LHB Robby Lawson
|
0-0: Ball 1-0: Called Strike 1-1: Swinging Strike 1-2: Strikes out swinging
|
Batting: RHB Marv Simon
|
0-0: Ball 1-0: Ball 2-0: Ball 3-0: Base on Balls
|
Batting: RHB Sherman Cummings
|
0-0: Called Strike 0-1: Called Strike Marv Simon steals 2nd base 0-2: Ball 1-2: SINGLE (Line Drive, 56D) Marv Simon to third
|
Batting: SHB Ray O'Dell
|
0-0: Ball 1-0: Ball 2-0: Ground out 3-1 (Groundball, 34S) Marv Simon scores Sherman Cummings to second
|
Batting: SHB Richard Coupland
|
0-0: Ball 1-0: Called Strike 1-1: 2-RUN HOME RUN (Flyball, 89XD), Distance : 375 ft
|
Batting: SHB Roderick Thurman
|
0-0: Foul Ball, location: 2F 0-1: Foul Ball, location: 2F 0-2: Hit by Pitch
|
Pitching: RHP Enrico Velázquez
|
|
Batting: RHB Jeffery Evans
|
0-0: Ball 1-0: Called Strike Roderick Thurman is caught stealing 2nd base
|
Top of the 6th over - 3 run(s), 2 hit(s), 0 error(s), 0 left on base; Saint John's 5 - Providence 3 |
BOTTOM OF THE 6TH |
Providence Friars batting - Pitching for Saint John's Red Storm : RHP Rob Larson
|
Batting: RHB Roger Tucker
|
0-0: Ball 1-0: Hit by Pitch
|
Pitching: RHP John Lee
|
|
Batting: RHB Gonzalo García
|
0-0: Foul Ball, location: 2F 0-1: Ball 1-1: Fly out, F7 (Flyball, 78M)
|
Batting: SHB Will Davies
|
0-0: Fly out, F7 (Flyball, 7S)
|
Batting: RHB Daniel Riddle
|
0-0: Called Strike 0-1: Ball 1-1: Fly out, F3 (Popup, 3L)
|
Bottom of the 6th over - 0 run(s), 0 hit(s), 0 error(s), 1 left on base; Saint John's 5 - Providence 3 |
TOP OF THE 7TH |
Saint John's Red Storm batting - Pitching for Providence Friars : RHP Enrico Velázquez
|
Batting: RHB Jeffery Evans
|
0-0: Ball 1-0: Ball 2-0: Ball 3-0: Base on Balls
|
Batting: SHB Michael O'Quigley
|
0-0: SINGLE (Flyball, 8LS) Jeffery Evans to second
|
Batting: SHB Frank Kennedy
|
0-0: Called Strike 0-1: Swinging Strike 0-2: Strikes out looking
|
Batting: LHB Robby Lawson
|
0-0: Called Strike 0-1: Foul Ball, location: 2F 0-2: Strikes out swinging
|
Batting: RHB Marv Simon
|
0-0: Fly out, F6 (Popup, 15)
|
Top of the 7th over - 0 run(s), 1 hit(s), 0 error(s), 2 left on base; Saint John's 5 - Providence 3 |
BOTTOM OF THE 7TH |
Providence Friars batting - Pitching for Saint John's Red Storm : RHP John Lee
|
Batting: LHB Brian Easdale
|
0-0: Ball 1-0: Ball 2-0: Called Strike 2-1: Ball 3-1: Foul Ball, location: 2F 3-2: Strikes out swinging
|
Batting: SHB Esteban Aliaga
|
0-0: Ground out U3 (Groundball, 34)
|
Batting: RHB Miguel Sánchez
|
0-0: Ball 1-0: Ball 2-0: Fly out, F2 (Popup, 5S)
|
Bottom of the 7th over - 0 run(s), 0 hit(s), 0 error(s), 0 left on base; Saint John's 5 - Providence 3 |
TOP OF THE 8TH |
Saint John's Red Storm batting - Pitching for Providence Friars : RHP Enrico Velázquez
|
Batting: RHB Sherman Cummings
|
0-0: Ball 1-0: Ball 2-0: Called Strike 2-1: Ball 3-1: Base on Balls
|
Batting: SHB Ray O'Dell
|
0-0: Ball 1-0: Bunted foul 1-1: Sac Bunt - play at second, runner OUT! 3-6
|
Batting: SHB Richard Coupland
|
0-0: Ball 1-0: Ball 2-0: Ground out 4-3 (Groundball, 4S) Ray O'Dell to second
|
Batting: SHB Roderick Thurman
|
0-0: Ball 1-0: Ball 2-0: Foul Ball, location: 2F 2-1: Foul Ball, location: 2F 2-2: Strikes out swinging
|
Top of the 8th over - 0 run(s), 0 hit(s), 0 error(s), 1 left on base; Saint John's 5 - Providence 3 |
BOTTOM OF THE 8TH |
Providence Friars batting - Pitching for Saint John's Red Storm : RHP John Lee
|
Batting: LHB Javier Morales
|
0-0: Fly out, F6 (Line Drive, 6)
|
Batting: RHB Gustavo Todd
|
0-0: Ball 1-0: Foul Ball, location: 2F 1-1: Ball 2-1: SINGLE (Flyball, 9S)
|
Pitching: RHP Dan Rodríguez
|
|
Batting: RHB Roger Tucker
|
0-0: Called Strike 0-1: Ball 1-1: Reached on error, E6 (Groundball, 6) Gustavo Todd to second
|
Batting: RHB Gonzalo García
|
0-0: Foul Ball, location: 2F 0-1: Swinging Strike 0-2: Foul Ball, location: 2F 0-2: Strikes out swinging
|
Batting: SHB Will Davies
|
0-0: Ball 1-0: Called Strike 1-1: Fly out, F9 (Line Drive, 9S)
|
Bottom of the 8th over - 0 run(s), 1 hit(s), 1 error(s), 2 left on base; Saint John's 5 - Providence 3 |
TOP OF THE 9TH |
Saint John's Red Storm batting - Pitching for Providence Friars : RHP Enrico Velázquez
|
Batting: RHB Jeffery Evans
|
0-0: Called Strike 0-1: Foul Ball, location: 2F 0-2: Fly out, F7 (Flyball, 7)
|
Batting: SHB Michael O'Quigley
|
0-0: Swinging Strike 0-1: Foul Ball, location: 2F 0-2: Ball 1-2: Strikes out swinging
|
Batting: SHB Frank Kennedy
|
0-0: Foul Ball, location: 2F 0-1: Ball 1-1: Swinging Strike 1-2: Ground out U3 (Groundball, 34D)
|
Top of the 9th over - 0 run(s), 0 hit(s), 0 error(s), 0 left on base; Saint John's 5 - Providence 3 |
BOTTOM OF THE 9TH |
Providence Friars batting - Pitching for Saint John's Red Storm : RHP Dan Rodríguez
|
Pitching: RHP Keith Wills
|
|
Batting: RHB Daniel Riddle
|
0-0: Foul Ball, location: 2F 0-1: Called Strike 0-2: Ball 1-2: Foul Ball, location: 2F 1-2: Ball 2-2: Strikes out swinging
|
Batting: LHB Brian Easdale
|
0-0: Ball 1-0: Foul Ball, location: 2F 1-1: Foul Ball, location: 2F 1-2: Foul Ball, location: 2F 1-2: Ball 2-2: Ball 3-2: Foul Ball, location: 2F 3-2: Foul Ball, location: 2F 3-2: Foul Ball, location: 2F 3-2: Base on Balls
|
Batting: SHB Esteban Aliaga
|
0-0: Swinging Strike 0-1: Called Strike 0-2: 2-RUN HOME RUN (Flyball, 9D), Distance : 356 ft
|
Pitching: RHP Tim Allen
|
|
Batting: RHB Miguel Sánchez
|
0-0: SINGLE (Groundball, 56D)
|
Batting: LHB Javier Morales
|
0-0: Ball 1-0: Ball 2-0: Ball 3-0: Base on Balls Miguel Sánchez to second
|
Pinch Runner at 2nd Nolan Houston:
|
|
Batting: RHB Gustavo Todd
|
0-0: Swinging Strike 0-1: Foul Ball, location: 2F 0-2: Fly out, F8 (Line Drive, 8RM)
|
Pinch Hitting: RHB Nick Louviere
|
0-0: Fielders Choice at 2nd, 5-4 (Groundball, 56)
|
Bottom of the 9th over - 2 run(s), 2 hit(s), 0 error(s), 1 left on base; Saint John's 5 - Providence 5 |
TOP OF THE 10TH |
Saint John's Red Storm batting - Pitching for Providence Friars : RHP Enrico Velázquez
|
Pitching: RHP José Hernández
|
|
Now at 1B: Nolan Houston
|
|
Now at 3B: Nick Louviere
|
|
Batting: LHB Robby Lawson
|
0-0: Ball 1-0: Ball 2-0: Ball 3-0: Base on Balls
|
Batting: RHB Marv Simon
|
0-0: Bunted foul 0-1: Sac Bunt - play at first, batter OUT! U3 Robby Lawson to second
|
Batting: RHB Sherman Cummings
|
0-0: Intentional Walk
|
Pinch Runner at 2nd Thomas Barnes:
|
|
Batting: SHB Ray O'Dell
|
0-0: Swinging Strike 0-1: Swinging Strike 0-2: Ball 1-2: Ball 2-2: Ball 3-2: Foul Ball, location: 2F 3-2: Foul Ball, location: 2F 3-2: Strikes out swinging
|
Batting: SHB Richard Coupland
|
0-0: Ball 1-0: Ball 2-0: Called Strike 2-1: Fielders Choice at 2nd, 6-4 (Groundball, 6)
|
Top of the 10th over - 0 run(s), 0 hit(s), 0 error(s), 1 left on base; Saint John's 5 - Providence 5 |
|